 Dungeon Crawl Stone Soup version 0.28-a0-1510-gd0f6b136d3 (webtiles) character file.

Game seed: 9027946338100989944

53 psuckher the Ducker (level 3, 0/17 HPs)
             Began as a Felid Berserker on Jan 14, 2022.
             Was a Follower of Trog.
             Slain by a worm (8 damage)
             ... on level 4 of the Dungeon.
             The game lasted 00:11:41 (694 turns).

psuckher the Ducker (Felid Berserker)                Turns: 694, Time: 00:11:41

Health: 0/17       AC:  1    Str: 15    XL:     3   Next: 62%
Magic:  4/4        EV: 19    Int:  8    God:    Trog [*.....]
Gold:   67         SH:  0    Dex: 15    Spells: 2/2 levels left
                                        Lives:  0   Deaths: 0

rFire   . . .      SeeInvis +     - Unarmed
rCold   . . .      Faith    .   (shield unavailable)
rNeg    . . .      Spirit   .   (armour unavailable)
rPois   .          Reflect  .   (helmet unavailable)
rElec   .          Harm     .   (cloak unavailable)
rCorr   .          Rampage  .   (gloves unavailable)
Will    .....                   (boots unavailable)
Stlth   +.........              (no amulet)
HPRegen 0.05/turn               (no ring)
MPRegen 0.09/turn               (no ring)

@: quick
A: very small, claws 1, fangs 3, see invisible, speed 1, shaggy fur 1, stealthy
paws, no weapons or thrown items, no armour, multi-lived
a: Renounce Religion, Berserk


You were on level 4 of the Dungeon.
You worshipped Trog.
Trog was aware of your devotion.
You visited 1 branch of the dungeon, and saw 4 of its levels.

You collected 67 gold pieces.

Inventory:

Missiles
 e - 54 stones
Armour
 a - a +0 robe
 b - a +0 leather armour
 d - a +0 scale mail
 g - a +0 ring mail
Potions
 c - a potion of lignification {unknown}


   Skills:
 * Level 3.5 Fighting
 * Level 4.7 Dodging
 * Level 3.7 Unarmed Combat


You had 2 spell levels left.
You didn't know any spells.
Your spell library was empty.

Dungeon Overview and Level Annotations

Branches:
Dungeon (4/15)
 Temple: D:4-7

Altars:


Innate Abilities, Weirdness & Mutations

You have sharp claws.
You have razor-sharp teeth.
You have supernaturally acute eyesight. (SInv)
You cover ground quickly. (Speed+)
You are covered in fur. (AC +1)
Your paws help you pounce on unaware monsters.
You are incapable of wielding weapons or throwing items.
You cannot wear armour.
You gain extra lives every three experience levels.


Message History

Okay, then.
The bat completely misses you. The bat hits you but does no damage.
The hobgoblin misses you.
You closely miss the bat. The bat closely misses you.
The hobgoblin completely misses you.
You claw the hobgoblin!
You kill the hobgoblin!
Trog accepts your kill.
You scratch the bat.
The bat is moderately wounded.
The bat closely misses you.
You're still recovering from your berserk rage.
You recover from your berserk rage.
The bat misses you.
You closely miss the bat.
The bat is moderately wounded.
The bat completely misses you. The bat closely misses you.
The bat closely misses you.
You scratch the bat.
You kill the bat!
Trog accepts your kill.
You see here a bat corpse.
There are no objects that can be picked up here. a bat corpse You now have 65 gold pieces (gained 12).
There is a stone staircase leading down here.
You climb downwards.
Found a stone staircase leading up.
There is a stone staircase leading up here.
Found a spear.
Found a dagger.
Found 2 gold pieces.
Found a rapier.
You now have 67 gold pieces (gained 2).
A worm comes into view.
You scratch the worm. You bite the worm.
The worm is lightly wounded.
The worm bites you!
You die...

....................
##...##...........
#...##...###.#.#
................#
.......<..###.#.#
##)..##...# #.# #
..)......#####.#
######..........
.......@##.....
#####.#w# ....
..)..# ... ###...#
.. ....# . ..#..#
...#..# ..# #...


You could see a worm.

Vanquished Creatures
  Ijyb (D:3)
  A dart slug (D:3)
  An orc (D:3)
  3 ball pythons
  3 bats
  4 endoplasms
  3 goblins
  3 hobgoblins (D:3)
  2 frilled lizards
  A kobold (D:2)
22 creatures vanquished.

Notes
Turn   | Place    | Note
-------+----------+-------------------------------------------
     0 | D:1      | psuckher the Felid Berserker began the quest for the Orb.
     0 | D:1      | Reached XP level 1. HP: 10/10 MP: 2/2
    88 | D:1      | Reached XP level 2. HP: 10/14 MP: 3/3
   315 | D:3      | Noticed Ijyb
   326 | D:3      | Killed Ijyb
   327 | D:3      | Reached XP level 3. HP: 7/17 MP: 4/4
   694 | D:4      | Slain by a worm

Illustrated notes

Levels and vault maps discovered:
D:1:      scummos_arrival_hexagon, layout_rooms, shapermc_ecumenical_altar_gd
D:2:      minmay_diamond_boxcup, layout_basic
D:3:      layout_loops_ring, serial_shops, nicolae_shop_crystal, uniq_ijyb
D:4:      layout_basic, mainiacjoe_overflow_six_doors_small, uniq_grinder,
          uniq_duvessa, uniq_natasha

Action                   || total
-------------------------++-------
Melee: Unarmed           ||    58
       Bite              ||     8
       Punch             ||     2
Invok: Berserk           ||     2
  Use: Scroll            ||     2
Armor: Skin              ||     5
Dodge: Dodged            ||    54

Table legend: (Time is in decaauts)
 A = Elapsed time spent in this place.
 B = Non-inter-level travel time spent in this place.
 C = Inter-level travel time spent in this place.
 D = Time resting spent in this place.
 E = Time spent auto-exploring this place.
 F = Levels seen in this place.
 G = Mean time per level.
                   A        B        C        D        E       F      G
               +--------+--------+--------+--------+--------+-----+--------+
         Total |    593 |    321 |    272 |      0 |      0 |   4 |  148.2 |
       Dungeon |    593 |    321 |    272 |      0 |      0 |   4 |  148.2 |
               +--------+--------+--------+--------+--------+-----+--------+

Top non-repeatable levels by time:
     D:3: 377 daAuts
     D:2: 118 daAuts
     D:1: 82 daAuts
     D:4: 15 daAuts
